 Dungeon Crawl Stone Soup version 0.23-a0-451-g1044d4c (webtiles) character file.

1336 Amnesiac the Magician (level 8, -17/52 HPs)
             Began as a Mummy Air Elementalist on Nov 22, 2018.
             Was a Believer of Sif Muna.
             Demolished by an ogre
             ... wielding the +8 great mace of Woe {drain, Fragile +Rage rF+ SInv}
              (29 damage)
             ... on level 5 of the Dungeon.
             The game lasted 00:11:42 (5152 turns).

Amnesiac the Magician (Mummy Air Elementalist)      Turns: 5152, Time: 00:11:42

Health: -17/52     AC:  3    Str: 11    XL:     8   Next: 35%
Magic:  7/19       EV: 12    Int: 17    God:    Sif Muna [**....]
Gold:   257        SH:  0    Dex: 12    Spells: 17/22 levels left

rFire    x . .     SeeInvis .   c - +4 short sword
rCold    + + .     Gourm    .   (no shield)
rNeg     + + +     Faith    .   a - +0 robe
rPois    ∞         Spirit   .   (no helmet)
rElec    .         Reflect  .   b - +0 cloak
rCorr    .         Harm     .   (no gloves)
MR       +....                  (no boots)
Stlth    ++........             (no amulet)
HPRegen  0.17/turn              f - ring of protection from cold
MPRegen  0.16/turn              (no ring)

@: divine energy
A: no food or potions, fire vulnerability, cold resistance 1, negative energy
resistance 3, torment resistance, unbreathing
a: Stop Divine Energy, Renounce Religion


You were on level 5 of the Dungeon.
You worshipped Sif Muna.
Sif Muna was pleased with you.
You were not hungry.

You visited 1 branch of the dungeon, and saw 5 of its levels.

You collected 257 gold pieces.

Inventory:

Hand Weapons
 c - a +4 short sword (weapon)
Armour
 a - a +0 robe (worn)
 b - a +0 cloak (worn)
 i - a +1 helmet
Jewellery
 f - a ring of protection from cold (left hand)
Scrolls
 d - 3 scrolls of enchant armour {!r, unknown}
 e - a scroll of enchant weapon {!r}
 g - 4 scrolls of remove curse {!r}
 h - a scroll of fog {!r}
 j - 2 scrolls of identify {!r}
 k - a scroll of teleportation {!r, unknown}
 l - a scroll of blinking {!r, unknown}
 m - a scroll of vulnerability {!r, unknown}


   Skills:
 - Level 1.5 Dodging
 - Level 1.5 Stealth
 + Level 7.5 Spellcasting
 - Level 0.7 Conjurations
 * Level 7.4 Air Magic


You had 17 spell levels left.
You knew the following spells:

 Your Spells              Type           Power        Failure   Level  Hunger
a - Airstrike             Air            ####......   4%          4    N/A
d - Shock                 Conj/Air       ###.         1%          1    N/A

Your spell library contained the following spells:

 Spells                   Type           Power        Failure   Level  Hunger
 Swiftness                Chrm/Air       ###.....     3%          2    N/A
 Static Discharge         Conj/Air       ###.....     6%          3    N/A
 Sticks to Snakes         Tmut           #.......     17%         2    N/A
 Lightning Bolt           Conj/Air       ###.......   50%         5    N/A
 Beastly Appendage        Tmut           Unusable     N/A         1    N/A
 Spider Form              Tmut/Pois      Unusable     N/A         3    N/A
 Ice Form                 Ice/Tmut       Unusable     N/A         4    N/A
 Blade Hands              Tmut           Unusable     N/A         5    N/A

Dungeon Overview and Level Annotations

Branches:
Dungeon (5/15)
 Temple: D:4-7

Altars:
Kikubaaqudgha
Makhleb
Sif Muna
Trog

Annotations:
D:5 galech's ghost, novice DsFi


Innate Abilities, Weirdness & Mutations

You do not eat or drink.
Your flesh is vulnerable to fire.
You are immune to poison.
Your flesh is cold resistant. (rC+)
You are immune to negative energy. (rN+++)
You are immune to unholy pain and torment.
You can survive without breathing.


Message History

Aiming: Airstrike (safe; 5% risk of failure)
Press: ? - help, Dir - move target cursor, f/p - ogre
Aim: an ogre, wielding a +0 giant club (moderately wounded)
The air twists around and strikes the ogre!
The ogre is severely wounded.
The ogre closely misses you.
Casting: Airstrike (safe; 5% risk of failure)
Confirm with . or Enter, or press ? or * to list all spells.
Aiming: Airstrike (safe; 5% risk of failure)
Press: ? - help, Dir - move target cursor, f/p - ogre
Aim: an ogre, wielding a +0 giant club (severely wounded)
The air twists around and strikes the ogre!
You kill the ogre!
Sif Muna accepts your kill.
Things that are here:
a +0 giant club; an ogre corpse
There is a transporter landing site here.
There is a transporter here.
You start resting.
HP restored.
You start resting.
Galech's ghost says, "To die, to sleep, no more."
HP restored.
You start resting.
Magic restored.
You start resting.
Galech's ghost screams, "Don't try to defend!
You have no chance!"
Magic restored.
Press: ? - help, v - describe, . - travel
Here: an ogre, wielding the +8 great mace of Woe {drain, Fragile +Rage rF+ The floor.
You enter the transporter and appear at another place.
Galech's ghost laughs crazily.
There is a transporter here.
You enter the transporter and appear at another place.
The ogre hits you with the +8 great mace of Woe {drain, Fragile +Rage rF+
Things that are here:
a +0 giant club; an ogre corpse
Casting: Airstrike (safe; 4% risk of failure)
Confirm with . or Enter, or press ? or * to list all spells.
Aiming: Airstrike (safe; 4% risk of failure)
Press: ? - help, Dir - move target cursor, f - ogre
Aim: an ogre, wielding the +8 great mace of Woe {drain, Fragile +Rage rF+ SInv} The air twists around and strikes the ogre!
The ogre is heavily wounded.
Casting: Airstrike (safe; 4% risk of failure)
Confirm with . or Enter, or press ? or * to list all spells.
Aiming: Airstrike (safe; 4% risk of failure)
Press: ? - help, Dir - move target cursor, f/p - ogre
Aim: an ogre, wielding the +8 great mace of Woe {drain, Fragile +Rage rF+ SInv} You miscast Airstrike.
Sif Muna protects you from the effects of your miscast!
The ogre hits you with the +8 great mace of Woe {drain, Fragile +Rage rF+
* * * LOW HITPOINT WARNING * * *
Casting: Airstrike (safe; 4% risk of failure)
Confirm with . or Enter, or press ? or * to list all spells.
Aiming: Airstrike (safe; 4% risk of failure)
Press: ? - help, Dir - move target cursor, f/p - ogre
Aim: an ogre, wielding the +8 great mace of Woe {drain, Fragile +Rage rF+ SInv} The air twists around and strikes the ogre!
The ogre is severely wounded.
The ogre hits you with the +8 great mace of Woe {drain, Fragile +Rage rF+ Ouch!
That really hurt!
You die...

#.###..#.#..#.#..#.#
.....^.#.#.O#.#..#.#
#.####.#..##...##.?#
.#####.#....((O.W..##
....##.##############
.##.##......©.©)....#
###.##.#####...#.####
# #.##.## ##.##O# #
#.....# #.##@# #
####..# #.##.# #####
# #..# #.##.# #....
######..#####.##.#
#.###
..............##.#
##########.###
######..####..##.#
#............. #..#
#..##.#
#.########.### #..#
#..##.# #.# #.# #..#
#..##.###.#### #.#


You could see 2 ogres and galech's ghost.

Vanquished Creatures
  2 ice beasts (D:5)
  A black bear (D:4)
  A centaur (D:5)
  3 ogres
  A howler monkey (D:4)
  A crimson imp (D:4)
  A quasit (D:5)
  A jelly (D:5)
  A centaur skeleton (D:5)
  A hound (D:5)
  2 orc priests (D:4)
  Jessica (D:2)
  2 iguanas (D:4)
  Terence (D:2)
  4 orc wizards
  A worker ant (D:4)
  2 hound skeletons (D:4)
  Robin (D:2)
  6 adders
  An ooze (D:3)
  6 worms
  3 dart slugs
  4 leopard geckos
  27 orcs
  8 bats
  7 giant cockroaches
  22 goblins
  8 hobgoblins
  4 jackals (D:1)
  8 kobolds
  A quokka (D:2)
  3 ball pythons
  3 frilled lizards
  2 jackal skeletons
  9 rats
149 creatures vanquished.

Notes
Turn   | Place    | Note
-------+----------+-------------------------------------------
     0 | D:1      | Amnesiac the Mummy Air Elementalist began the quest for the
                  | Orb.
     0 | D:1      | Reached XP level 1. HP: 13/13 MP: 4/4
   173 | D:1      | Reached XP level 2. HP: 19/19 MP: 1/5
   574 | D:2      | Reached XP level 3. HP: 20/24 MP: 1/7
  1231 | D:3      | Found a faded altar of an unknown god.
  1285 | D:4      | Reached XP level 4. HP: 23/30 MP: 5/9
  1291 | D:4      | Learned a level 4 spell: Airstrike
  1503 | D:4      | Reached XP level 5. HP: 30/35 MP: 4/11
  2276 | D:4      | Reached skill level 5 in Air Magic
  2276 | D:4      | Reached XP level 6. HP: 41/41 MP: 4/13
  2306 | D:4      | Reached skill level 5 in Spellcasting
  2424 | D:4      | Found a deep blue altar of Sif Muna.
  2425 | D:4      | Found a transporter.
  2426 | D:4      | Found a burning altar of Makhleb.
  2441 | D:4      | Found a transporter.
  2460 | D:4      | Became a worshipper of Sif Muna the Loreminder
  3156 | D:2      | Noticed Jessica
  3157 | D:2      | Killed Jessica
  3223 | D:2      | Noticed Robin
  3231 | D:2      | Killed Robin
  3472 | D:2      | Noticed Terence
  3478 | D:2      | Killed Terence
  3478 | D:2      | Reached * piety under Sif Muna
  3478 | D:2      | Reached XP level 7. HP: 46/46 MP: 10/15
  3683 | D:3      | Found an ancient bone altar of Kikubaaqudgha.
  3801 | D:3      | Found a bloodstained altar of Trog.
  4266 | D:5      | Entered Level 5 of the Dungeon
  4309 | D:5      | Identified the +8 great mace of Woe {drain, Fragile +Rage
                  | rF+ SInv}
  4386 | D:5      | Noticed galech's ghost (novice DsFi)
  4387 | D:5      | Found a transporter.
  4388 | D:5      | Found a transporter.
  4515 | D:5      | Reached ** piety under Sif Muna
  4533 | D:5      | Reached XP level 8. HP: 52/52 MP: 0/18
  5152 | D:5      | Demolished by an ogre

Vault maps used:
D:1:      dpeg_arrival_chase, hangedman_decor_diamond_cutter,
          minmay_pentomino_q2
D:2:      first_ration, minmay_misc_feat_rows, minmay_liquid_box, uniq_robin,
          uniq_terence, uniq_jessica
D:3:      overflow_temple_1_default, kiku_gazebo_pond_becter,
          chequers_ecumenical_altar_grove
D:4:      gammafunk_temple_overflow_arena
D:5:      gammafunk_ghost_smash

Skill      XL: |  1  2  3  4  5  6  7  8 |
---------------+-------------------------+-----
Spellcasting   | 3 4 5 6 7 |  7.5
Air Magic      | 3 4 5 6 7 |  7.4
Dodging        | |  1.5
Stealth        | |  1.5
Conjurations   | |  0.7

Action                   |  1- 3 |  4- 6 |  7- 9 || total
-------------------------+-------+-------+-------++-------
Melee: Unarmed           |     4 |       |       ||     4
       Short sword       |       |     9 |    12 ||    21
 Cast: Shock             |    64 |   145 |     1 ||   210
       Airstrike         |       |     4 |    73 ||    77
Invok: Divine Energy     |       |       |     1 ||     1
  Use: Scroll            |     1 |     2 |       ||     3
Armor: Robe              |     7 |    18 |     3 ||    28
Dodge: Dodged            |    24 |    51 |    43 ||   118

Table legend:
 A = Non-vault XP
 B = Vault XP
 C = Vault XP percentage of total XP
 D = Non-vault monster count
 E = Vault monster count
 F = Vault count percentage of total count
                 A         B        C        D         E       F
            +---------+---------+-------+---------+---------+-------
      Total |    1475 |     434 |  22.7 |     128 |      21 |  14.1
            +---------+---------+-------+---------+---------+-------
        D:1 |      51 |       0 |   0.0 |      30 |       0 |   0.0
        D:2 |     162 |     111 |  40.7 |      16 |      15 |  48.4
        D:3 |     130 |       0 |   0.0 |      33 |       0 |   0.0
        D:4 |     429 |     196 |  31.4 |      33 |       5 |  13.2
        D:5 |     703 |     127 |  15.3 |      16 |       1 |   5.9
            +---------+---------+-------+---------+---------+-------
